 Dungeon Crawl Stone Soup version 0.24-a0-317-g5cb8de4b22 (webtiles) character file.

22208 CheiIsBae the Carver (level 12, -5/86 HPs)
             Began as a Mummy Gladiator on Jan 1, 2019.
             Was a Priest of Uskayaw.
             Slain by a crocodile (12 damage)
             ... on level 4 of the Lair of Beasts on May 16, 2019.
             The game lasted 00:27:53 (21858 turns).

CheiIsBae the Carver (Mummy Gladiator)             Turns: 21858, Time: 00:27:54

Health: -5/86      AC: 11    Str: 17    XL:     12   Next: 61%
Magic:  23/27      EV: 13    Int: 11    God:    Uskayaw [***...]
Gold:   728        SH:  0    Dex: 15    Spells: 11/11 levels left

rFire    + + +     SeeInvis .   b - +9 long sword of Accord {slice, rF++}
rCold    + + .     Gourm    .   (no shield)
rNeg     + + +     Faith    .   e - +0 ring mail
rPois    ∞         Spirit   .   c - +0 helmet
rElec    .         Reflect  .   m - +0 cloak
rCorr    .         Harm     .   (no gloves)
MR       .....                  k - +2 pair of boots of Eriowoze {rF++ MR-}
Stlth    +.........             (no amulet)
HPRegen  0.24/turn              l - ring of protection from cold
MPRegen  0.20/turn              v - ring of magical power

@: about to teleport, slowed, very slow
A: no food or potions, fire vulnerability, cold resistance 1, negative energy
resistance 3, torment resistance, unbreathing
a: Stomp, Line Pass, Renounce Religion


You were on level 4 of the Lair of Beasts.
You worshipped Uskayaw.
Uskayaw was aware of your devotion.
You were not hungry.

You visited 3 branches of the dungeon, and saw 16 of its levels.

You collected 728 gold pieces.

Inventory:

Hand Weapons
 a - a +5 scimitar of flaming
 b - the +9 long sword of Accord (weapon) {slice, rF++}
   (You took it off Erica on level 10 of the Dungeon)

   It inflicts extra damage upon your enemies.
   It greatly protects you from fire.
Armour
 c - a +0 helmet (worn)
 e - a +0 ring mail (worn)
 k - the +2 pair of boots of Eriowoze (worn) {rF++ MR-}
   (You found it on level 5 of the Dungeon)

   It greatly protects you from fire.
   It affects your resistance to hostile enchantments.
 m - a +0 cloak (worn)
Jewellery
 l - a ring of protection from cold (left hand)
 v - a ring of magical power (right hand)
Wands
 n - a wand of flame (8)
 o - a wand of acid (1)
 p - a wand of iceblast (2)
 q - a wand of digging (4)
 r - a wand of random effects (17)
 t - a wand of disintegration (36)
Scrolls
 g - 5 scrolls of amnesia
 h - 4 scrolls of remove curse
 j - 3 scrolls of teleportation
 u - a scroll of magic mapping


   Skills:
 + Level 5.4 Fighting
 * Level 14.0 Long Blades
 - Level 1.5 Throwing
 + Level 4.0 Armour
 + Level 4.9 Dodging
 - Level 8.7 Invocations


You had 11 spell levels left.
You didn't know any spells.
Your spell library was empty.

Dungeon Overview and Level Annotations

Branches:
Dungeon (11/15)            Temple (1/1) D:4            Lair (4/6) D:8
  Swamp (0/4) Lair:2
  Snake: Lair:2-4    Spider: Lair:2-4       Orc: D:9-12

Altars:
Ashenzari
Cheibriados
Dithmenos
Elyvilon
Fedhas
Gozag
Hepliaklqana
Kikubaaqudgha
Makhleb
Nemelex Xobeh
Okawaru
Qazlal
Ru
Sif Muna
Trog
Uskayaw
Vehumet
Wu Jian
Xom
Yredelemnul
Zin
The Shining One

Shops:
D:4 %

Annotations:
D:5 exclusion: oklob plant
Lair:2 3 runed translucent doors, Shaidar's ghost, journeyman MiBe
Lair:4 Kirke


Innate Abilities, Weirdness & Mutations

You do not eat or drink.
Your flesh is vulnerable to fire.
You are immune to poison.
Your flesh is cold resistant. (rC+)
You are immune to negative energy. (rN+++)
You are immune to unholy pain and torment.
You can survive without breathing.


Message History

The komodo dragon barely misses you.
You hit the komodo dragon.
The komodo dragon is almost dead.
The crocodile bites you but does no damage.
The komodo dragon completely misses you.
The crocodile misses you.
Unknown command.
You hit the komodo dragon but do no damage.
The komodo dragon is severely wounded.
The komodo dragon closely misses you. The crocodile bites you.
* * * LOW HITPOINT WARNING * * *
Unknown command.
As you read the scroll of teleportation, it crumbles to dust.
You feel strangely unstable. The komodo dragon barely misses you.
The crocodile barely misses you.
You riposte.
You barely miss the crocodile.
Aiming: Line Pass
Press: ? - help, Dir - move target cursor, p - komodo dragon The komodo dragon appears confused.
The komodo dragon barely misses you. The crocodile bites you!
You die...

....#.##...##..
................
................
................
................
................
................
................
..#....@†#......
......tlN.......
#...............
................
..#.............
# ##..P........P
#..#.........
.............
..............


You could see a komodo dragon (confused), a crocodile and a naga.

Vanquished Creatures
  Nessos (Lair:4)
  3 hydras
  Erica (D:10)
  A catoblepas (Lair:1)
  The ghost of Zentennen the Grappler, a novice DrFi of Gozag (D:10)
  A two-headed ogre (D:9)
  Pikel (D:8)
  9 spiny frogs
  3 komodo dragons
  3 blink frogs (Lair:4)
  2 bog bodies (Lair:2)
  3 hippogriffs
  A human (D:10)
  A wyvern (D:8)
  8 hogs
  2 basilisks (Lair:1)
  22 yaks
  A steam dragon (D:10)
  7 water moccasins
  Duvessa (D:4)
  An orc warrior (D:7)
  6 porcupines
  4 slaves (D:8)
  2 sky beasts
  2 ice beasts
  A black bear (D:10)
  An ogre (D:9)
  6 centaurs
  An eye of draining (D:10)
  8 wolves
  3 crocodiles
  3 big kobolds
  Blork the orc (D:5)
  14 bullfrogs
  2 scorpions
  Dowan (D:4)
  A water moccasin skeleton (D:7)
  6 howler monkeys
  4 wights (D:7)
  A bullfrog zombie (D:6)
  2 crimson imps
  3 hounds
  A centaur zombie (D:9)
  6 orc priests
  A jelly (D:9)
  A bullfrog skeleton (D:5)
  A centaur skeleton (D:5)
  Jessica (D:3)
  4 iguanas
  Ijyb (D:3)
  7 orc wizards
  5 worker ants
  A mummy (D:5)
  4 worker ant zombies
  A howler monkey skeleton (D:4)
  9 gnolls
  8 adders
  An ooze (D:4)
  An adder skeleton (D:4)
  3 worms
  3 dart slugs
  4 leopard geckos
  32 orcs
  4 bats
  4 giant cockroaches
  5 goblins
  7 hobgoblins
  4 jackals (D:8)
  17 kobolds
  6 quokkas
  A ball python (D:3)
  5 frilled lizards
  2 quokka skeletons (D:6)
  2 rats
297 creatures vanquished.

Vanquished Creatures (others)
  4 fungi
  6 plants
10 creatures vanquished.

Grand Total: 307 creatures vanquished

Notes
Turn   | Place    | Note
-------+----------+-------------------------------------------
     0 | D:1      | CheiIsBae the Mummy Gladiator began the quest for the Orb.
     0 | D:1      | Reached XP level 1. HP: 16/16 MP: 1/1
   358 | D:1      | Reached skill level 3 in Long Blades
   358 | D:1      | Reached XP level 2. HP: 22/22 MP: 2/2
   574 | D:2      | Found a sacrificial altar of Ru.
  1048 | D:2      | Reached XP level 3. HP: 19/27 MP: 3/3
  1868 | D:2      | Reached skill level 4 in Long Blades
  2005 | D:2      | Upgraded the game from 0.23-a0-644-gb60d84b635 to
                  | 0.24-a0-317-g5cb8de4b22
  2106 | D:3      | Reached XP level 4. HP: 33/33 MP: 4/4
  3137 | D:3      | Noticed Jessica
  3158 | D:3      | Reached XP level 5. HP: 34/38 MP: 5/5
  3185 | D:2      | Reached skill level 5 in Long Blades
  3212 | D:3      | Killed Jessica
  3859 | D:4      | Found Hasiz's Food Shop.
  3884 | D:4      | Found a staircase to the Ecumenical Temple.
  3885 | D:4      | Noticed Ijyb
  4141 | D:3      | Reached XP level 6. HP: 25/44 MP: 6/6
  4333 | D:3      | Paralysed by Ijyb for 2 turns
  4342 | D:3      | Killed Ijyb
  4757 | D:4      | Reached skill level 6 in Long Blades
  4759 | D:4      | Noticed Duvessa
  4760 | D:4      | Noticed Dowan
  5125 | D:4      | Killed Dowan
  5128 | D:4      | Killed Duvessa
  5128 | D:4      | Reached XP level 7. HP: 24/50 MP: 7/7
  5325 | Temple   | Entered the Ecumenical Temple
  5499 | Temple   | Became a worshipper of Uskayaw the Reveler
  5538 | D:4      | Reached * piety under Uskayaw
  5543 | D:4      | Reached ** piety under Uskayaw
  5747 | D:5      | Entered Level 5 of the Dungeon
  5790 | D:5      | Reached skill level 7 in Long Blades
  5945 | D:5      | Reached skill level 1 in Invocations
  5976 | D:5      | Noticed Blork the orc
  6012 | D:5      | Killed Blork the orc
  6307 | D:5      | Reached *** piety under Uskayaw
  6944 | D:5      | Reached XP level 8. HP: 53/56 MP: 9/9
  6945 | D:5      | Reached **** piety under Uskayaw
  7027 | D:5      | Found a blossoming altar of Fedhas.
  7042 | D:5      | Noticed an oklob plant
  7174 | D:5      | Got a pair of heavily runed boots
  7180 | D:5      | Identified the +2 pair of boots of Eriowoze {rF++ MR-} (You
                  | found it on level 5 of the Dungeon)
  7261 | D:5      | Found a snail-covered altar of Cheibriados.
  7481 | D:5      | Reached skill level 8 in Long Blades
  9053 | D:7      | Reached skill level 9 in Long Blades
  9245 | D:7      | Reached XP level 9. HP: 53/61 MP: 12/12
  9567 | D:7      | Reached skill level 5 in Invocations
 10509 | D:8      | Found a staircase to the Lair.
 10531 | D:8      | Reached skill level 10 in Long Blades
 11329 | D:8      | Noticed Pikel
 11335 | D:8      | Paralysed by Pikel for 2 turns
 11341 | D:8      | Killed Pikel
 12502 | D:9      | Noticed a two-headed ogre
 12509 | D:9      | Killed a two-headed ogre
 12509 | D:9      | Reached skill level 11 in Long Blades
 12509 | D:9      | Reached XP level 10. HP: 67/67 MP: 14/14
 12943 | D:10     | Entered Level 10 of the Dungeon
 13137 | D:10     | Reached ***** piety under Uskayaw
 13265 | D:10     | Identified the +9 long sword of Accord {slice, rF++}
 13265 | D:10     | Noticed Erica
 13711 | D:10     | Found a runed translucent gate.
 13711 | D:10     | Found a runed translucent gate.
 13711 | D:10     | Found a runed translucent gate.
 13711 | D:10     | Noticed Zentennen's ghost (novice DrFi)
 13711 | D:10     | Noticed a ten-headed hydra
 13961 | D:10     | Reached skill level 12 in Long Blades
 14186 | D:10     | Found a bloodstained altar of Trog.
 14760 | D:10     | Killed Erica
 14760 | D:10     | Reached XP level 11. HP: 72/72 MP: 17/17
 14866 | D:10     | Killed an eight-headed hydra
 15145 | D:10     | Killed Zentennen's ghost
 16027 | Lair:1   | Entered Level 1 of the Lair of Beasts
 16053 | Lair:1   | Noticed a catoblepas
 16447 | Lair:1   | Killed a catoblepas
 16931 | Lair:1   | You fall through a shaft!
 16934 | Lair:2   | Found a staircase to the Swamp.
 17160 | Lair:2   | Reached skill level 13 in Long Blades
 17161 | Lair:2   | Reached skill level 1 in Armour
 17215 | Lair:2   | Noticed Shaidar's ghost (journeyman MiBe)
 17860 | Lair:1   | Noticed an eight-headed hydra
 17872 | Lair:1   | Killed a two-headed hydra
 18794 | Lair:1   | Reached XP level 12. HP: 33/83 MP: 8/18
 19468 | Lair:2   | Found a runed translucent gate.
 19471 | Lair:2   | Found a runed translucent gate.
 19472 | Lair:2   | Found a runed translucent gate.
 20166 | Lair:3   | HP: 2/84 [spiny frog (19)]
 20892 | Lair:3   | Noticed a four-headed hydra
 20903 | Lair:3   | Killed a one-headed hydra
 21367 | Lair:4   | Noticed Nessos
 21383 | Lair:4   | Killed Nessos
 21383 | Lair:4   | Reached skill level 5 in Fighting
 21823 | Lair:4   | Noticed Kirke
 21832 | Lair:4   | Noticed a sphinx
 21834 | Lair:4   | Reached skill level 14 in Long Blades
 21858 | Lair:4   | Slain by a crocodile

Levels and vault maps discovered:
D:1:      wander_arrival_fairy_ring, chequers_mini_garden
D:2:      first_ration, nicolae_ru_sacrificial_ziggurat
D:3:      kennysheep_big_flooded_room, dk_noncrumbling_3, grunt_ministairs_8,
          uniq_jessica
D:4:      layout_cave_pools, minmay_temple_entry_mini_moons, serial_shops, shop,
          hangedman_abyss_or_decor_stabs, uniq_ijyb, uniq_duvessa
D:5:      layout_basic, slow_altar_2, tgw_fedhas, uniq_blork_the_orc
D:6:      layout_layer_cave
D:7:      layout_loops_ring
D:8:      layout_rooms, lair_entry_dummy, uniq_pikel
D:9:      layout_long_grid
D:10:     layout_cave_pools, gammafunk_ghost_hydra_chop, basic_altar,
          grunt_livestock, serial_bayou_pond_d, uniq_erica
D:11:     layout_loops_corners, uniq_fannar
Temple:   minmay_crystal_snake_temple
Lair:1:   layout_roguey, serial_bayou_shore_a
Lair:2:   layout_misc_corridors, skrybe_swamp_entry_bodies, gammafunk_ghost_icy,
          lemuel_fruit_tree
Lair:3:   layout_roguey, beast_lair_carwin_8
Lair:4:   layout_gridlike, minmay_snake_entry_guardpost_small,
          infiniplex_staircase_pool_2, uniq_kirke, uniq_nessos, uniq_nergalle

Skill      XL: |  1  2  3  4  5  6  7  8  9 10 11 12 |
---------------+-------------------------------------+-----
Long Blades    | 3 4 5 6 7 9 11 12 13 14 | 14.0
Invocations    | 2 4 6 8 |  8.7
Armour         | 2 4 |  4.0
Dodging        | 3 4 |  4.9
Fighting       | 3 5 |  5.4
Throwing       | |  1.5

Action                   |  1- 3 |  4- 6 |  7- 9 | 10-12 || total
-------------------------+-------+-------+-------+-------++-------
Melee: Long sword        |    58 |   197 |   275 |   459 ||   989
       Short sword       |       |       |   265 |       ||   265
       Scimitar          |       |       |       |    14 ||    14
Throw: Throwing net      |     5 |     3 |       |       ||     8
Invok: Line Pass         |       |       |     2 |     3 ||     5
       Stomp             |       |       |     5 |     5 ||    10
Evoke: Wand              |       |     3 |    20 |    16 ||    39
  Use: Scroll            |     2 |     1 |     9 |    21 ||    33
 Stab: Held in net/web   |     1 |       |       |       ||     1
       Paralysed         |       |    14 |    10 |    40 ||    64
       Confused          |       |       |     2 |     2 ||     4
       Petrified         |       |       |       |     2 ||     2
Armor: Leather armour    |    23 |    13 |       |       ||    36
       Ring mail         |       |    53 |   178 |   171 ||   402
Dodge: Dodged            |    40 |   146 |   222 |   304 ||   712
       Rpst.: Long sword |    13 |    50 |    36 |    83 ||   182
       Scimitar          |       |       |       |     2 ||     2

Table legend:
 A = Non-vault XP
 B = Vault XP
 C = Vault XP percentage of total XP
 D = Non-vault monster count
 E = Vault monster count
 F = Vault count percentage of total count
                 A         B        C        D         E       F
            +---------+---------+-------+---------+---------+-------
      Total |   20938 |   10788 |  34.0 |     254 |      39 |  13.3
            +---------+---------+-------+---------+---------+-------
        D:1 |      13 |       0 |   0.0 |       6 |       0 |   0.0
        D:2 |     148 |      46 |  23.7 |      20 |       3 |  13.0
        D:3 |     131 |     122 |  48.2 |      23 |       6 |  20.7
        D:4 |     210 |     200 |  48.8 |      15 |       2 |  11.8
        D:5 |     742 |     114 |  13.3 |      24 |       2 |   7.7
        D:6 |     457 |       0 |   0.0 |      11 |       0 |   0.0
        D:7 |    1430 |       0 |   0.0 |      19 |       0 |   0.0
        D:8 |     542 |     641 |  54.2 |      19 |       1 |   5.0
        D:9 |    1464 |       0 |   0.0 |      21 |       0 |   0.0
       D:10 |    3470 |    3859 |  52.7 |      39 |       8 |  17.0
       D:11 |     202 |       0 |   0.0 |       3 |       0 |   0.0
     Lair:1 |    7066 |       0 |   0.0 |      29 |       0 |   0.0
     Lair:2 |    1911 |     524 |  21.5 |      14 |       2 |  12.5
     Lair:3 |    1860 |    2560 |  57.9 |       6 |       7 |  53.8
     Lair:4 |    1292 |    2722 |  67.8 |       5 |       8 |  61.5
            +---------+---------+-------+---------+---------+-------
